AoeStats
← BulldoG'

Arena

509196148Analyzed
4v4 RM · 7d ago on Sep 25, 2026· 65m 27s· 8 players
Game mode
Random Map
Map size
Large (8 player)
Population
200
Speed
Normal
Resources
Standard
Victory
Conquest
Starting age
Dark Age
Ending age
Imperial Age
RankedLock teamsTeams togetherTeam positionsShared explorationLock speedFull tech treeHidden civsTurbo modeCheats
Victory
Defeat
🇹🇷 Spanish · Türkiye
708
+13
🇨🇳 Saxons · China
667
+15
🇦🇷 Britons · Argentina
634
+16
🇹🇷 Persians · Türkiye
606
+18
🇨🇳 Cumans · China
725
-18
🇨🇳 Bulgarians · China
645
-19
🇺🇸 Britons · United States
616
-14
🇺🇸 Burgundians · United States
600
-14
Rhii
11:04 Feudal Age
14:55 Castle Age
13:39 Double-Bit Axe
13:42 Horse Collar
15:39 Loom
21:49 Bow Saw
22:02 Padded Archer Armor
22:30 Gold Mining
23:40 Wheelbarrow
24:50 Heavy Plow
28:04 Hand Cart
32:15 Imperial Age
31:41 Leather Archer Armor
31:50 Ballistics
31:41 Fortified Wall
34:16 Chemistry
34:37 Two-Man Saw
34:14 Ring Archer Armor
33:50 Town Watch
34:19 Stone Mining
35:55 Town Patrol
36:32 Conscription
37:18 Bombard Tower
36:56 Fletching
38:40 Bodkin Arrow
39:36 Stone Shaft Mining
39:42 Thumb Ring
38:57 Elite Skirmisher
40:30 Bracer
39:58 Elite Conquistador
41:14 Hoardings
53:29 Forging
53:19 Scale Mail Armor
53:25 Scale Barding Armor
53:18 Murder Holes
53:33 Masonry
53:14 Guard Tower
伐木王
0:38 Loom
12:25 Feudal Age
15:48 Double-Bit Axe
17:05 Gold Mining
19:56 Castle Age
23:09 Bow Saw
24:06 Stone Mining
24:55 Gold Shaft Mining
26:14 Treadmill Crane
29:20 Imperial Age
33:31 Two-Man Saw
32:08 Elite Hearth Troop
33:22 Caravan
35:33 Scale Mail Armor
35:43 Forging
36:30 Fortified Wall
53:09 Capped Ram
BulldoG'
0:35 Loom
10:51 Feudal Age
11:54 Double-Bit Axe
11:56 Horse Collar
22:28 Castle Age
20:26 Fletching
20:37 Stone Mining
22:22 Wheelbarrow
24:16 Scale Mail Armor
rosaceous
12:45 Feudal Age
13:18 Double-Bit Axe
16:04 Horse Collar
20:24 Castle Age
20:38 Stone Mining
20:43 Gold Mining
21:18 Gold Mining
23:43 Wheelbarrow
23:47 Bow Saw
26:43 Hand Cart
27:13 Heavy Plow
36:36 Imperial Age
35:18 Gold Shaft Mining
35:20 Stone Shaft Mining
35:10 Ballistics
36:55 Forging
36:45 Scale Mail Armor
36:51 Scale Barding Armor
37:03 Husbandry
36:49 Cavalier
38:49 Iron Casting
38:05 Fletching
38:15 Padded Archer Armor
39:49 Two-Man Saw
40:54 Crop Rotation
40:01 Elite War Elephant
41:26 Chain Mail Armor
41:32 Chain Barding Armor
42:24 Blast Furnace
42:00 Conscription
42:02 Kamandaran
43:19 Plate Mail Armor
42:50 Bodkin Arrow
43:11 Leather Archer Armor
44:47 Plate Barding Armor
46:51 Masonry
46:39 Murder Holes
46:08 Savar
50:06 Hoardings
longbow900
11:43 Feudal Age
16:20 Wheelbarrow
15:28 Horse Collar
22:05 Castle Age
36:38 Hand Cart
40:00 Fletching
40:11 Padded Archer Armor
48:14 Imperial Age
46:09 Bodkin Arrow
52:19 Conscription
52:35 Hoardings
53:40 Leather Archer Armor
waxahn
7:55 Wheelbarrow
8:35 Loom
10:42 Feudal Age
10:04 Double-Bit Axe
10:27 Gold Mining
11:55 Bow Saw
12:40 Horse Collar
13:39 Heavy Plow
16:46 Hand Cart
20:49 Castle Age
20:04 Gold Shaft Mining
20:05 Stone Mining
21:10 Arson
21:40 Forging
20:56 Cavalier
23:16 Iron Casting
23:04 Husbandry
25:02 Stone Shaft Mining
26:03 Scale Barding Armor
27:41 Chain Barding Armor
36:46 Squires
43:40 Imperial Age
42:19 Burgundian Vineyards
44:00 Ballistics
43:36 Fletching
44:56 Guilds
45:35 Paladin
46:17 Murder Holes
47:23 Chemistry
48:09 Blast Furnace
47:45 Plate Barding Armor
47:55 Caravan
52:10 Crop Rotation
52:41 Two-Man Saw
51:10 Elite Coustillier
51:20 Pikeman
52:11 Elite Skirmisher
53:09 Bodkin Arrow
53:16 Scale Mail Armor
52:43 Halberdier
60:56 Chain Mail Armor
60:41 Bracer
60:42 Padded Archer Armor
63:45 Plate Mail Armor
63:30 Leather Archer Armor
板蓝根
8:10 Loom
13:44 Feudal Age
14:37 Double-Bit Axe
14:35 Horse Collar
16:39 Horse Collar
16:54 Gold Mining
20:00 Wheelbarrow
19:14 Man-at-Arms
31:10 Stone Mining
35:49 Castle Age
35:01 Town Watch
37:23 Heavy Plow
40:32 Bow Saw
51:15 Hand Cart
51:00 Town Patrol
54:35 Elite Skirmisher
56:35 Squires
61:26 Imperial Age
58:23 Pikeman
58:26 Long Swordsman
64:11 Imperial Age
Monica
4:23 Loom
13:30 Feudal Age
19:08 Wheelbarrow
18:15 Horse Collar
18:23 Double-Bit Axe
36:32 Castle Age
37:09 Light Cavalry
38:49 Caravan
39:20 Coinage
47:04 Hand Cart
46:51 Heavy Plow
47:06 Bow Saw
52:55 Stirrups
Connection lost

Rejoining the realm…

Still unreachable

The connection could not be restored.

Session expired

The server has moved on; the page needs a fresh start.